 Dungeon Crawl Stone Soup version 0.25.0-15-gac7dcb8919 (webtiles) character file.

Game seed: 9899733469754203471

3426 EriolAelfwine the Grappler (level 9, -4/70 HPs)
             Began as a Troll Fighter on June 29, 2020.
             Was a Believer of the Shining One.
             Killed from afar by a wretched star (30 damage)
             ... with a lance of force
             ... on level 2 of the Abyss.
             The game lasted 00:17:37 (5629 turns).

EriolAelfwine the Grappler (Troll Fighter)          Turns: 5629, Time: 00:17:38

Health: -4/70      AC:  8    Str: 28    XL:     9   Next: 76%
Magic:  20/20      EV: 10    Int:  5    God:    the Shining One [**....]
Gold:   402        SH: 11    Dex:  9    Spells: 8/8 levels left

rFire    . . .     SeeInvis .     - Unarmed
rCold    + . .     Gourm    +   b - +1 kite shield
rNeg     + . .     Faith    +   o - +1 robe {rC+}
rPois    .         Spirit   .   (helmet restricted)
rElec    .         Reflect  .   F - +0 cloak
rCorr    .         Harm     .   (gloves unavailable)
MR       .....     Rnd*Rage +   (boots unavailable) Stlth +.........Rnd*Tele +
                                q - amulet of faith
HPRegen  0.61/turn              z - ring of magical power
MPRegen  0.17/turn              (no ring)

@: glowing, very slow
A: large, unfitting armour, claws 3, [berserk 2], [blurry vision 2],
[deterioration 2], fast metabolism 3, [frail 2], gourmand, regeneration 1,
shaggy fur 1, [teleportitis 2], tough skin 3, [subdued magic 2]
a: Divine Shield, Renounce Religion


You were on level 2 of the Abyss.
You worshipped the Shining One.
The Shining One was pleased with you.
You were very full.

You visited 2 branches of the dungeon, and saw 9 of its levels.
You visited the Abyss 1 time.

You collected 498 gold pieces.
You spent 96 gold pieces at shops.

Inventory:

Missiles
 e - 8 silver boomerangs
 u - 3 large rocks (quivered)
Armour
 b - a +1 kite shield (worn)
 o - a +1 robe of cold resistance (worn)
 F - a +0 cloak (worn)
Jewellery
 a - an uncursed ring of ice
 m - an uncursed amulet of magic regeneration
 q - an amulet of faith (around neck)
 z - a ring of magical power (left claw)
Wands
 B - a wand of acid (6)
 C - a wand of flame (26)
Scrolls
 g - a scroll of vulnerability {unknown}
 h - 6 scrolls of teleportation
 j - a scroll of magic mapping
 k - 3 scrolls of random uselessness {unknown}
 l - 4 scrolls of remove curse
 p - a scroll of immolation {unknown}
 w - a scroll of enchant weapon
 y - 2 scrolls of acquirement {unknown}
Potions
 c - a potion of might
 f - 3 potions of curing
 i - 2 potions of brilliance
 n - 2 potions of flight
 r - 3 potions of stabbing
 t - a potion of cancellation
 v - 2 potions of heal wounds
 A - a potion of haste
 D - a potion of berserk rage {unknown}
Comestibles
 d - 14 rations


   Skills:
 + Level 5.3 Fighting
 + Level 5.3 Dodging
 + Level 5.3 Shields
 * Level 8.5 Unarmed Combat
 + Level 4.8 Invocations


You had 8 spell levels left.
You didn't know any spells.
Your spell library was empty.

Dungeon Overview and Level Annotations

Branches:
Dungeon (8/15)             Temple (1/1) D:5
   Lair: D:8-11

Altars:
Ashenzari
Dithmenos
Elyvilon
Fedhas
Gozag
Hepliaklqana
Kikubaaqudgha
Makhleb
Nemelex Xobeh
Okawaru
Qazlal
Ru
Sif Muna
Trog
Uskayaw
Vehumet
Wu Jian
Xom
Yredelemnul
Zin
The Shining One

Shops:
D:5 [

Annotations:
D:8 Psyche


Innate Abilities, Weirdness & Mutations

You are too large for most types of armour.
You have claws for hands.
Your metabolism is lightning-fast.
You like to eat raw meat.
Your natural rate of healing is unusually fast.
You are covered in fur. (AC +1)
You have extremely tough skin. (AC +3)
[You often lose your temper in combat.]
[Scrolls take you longer to read.]
[Your body often deteriorates upon taking damage.]
[You are very frail. (-20% HP)]
[You are sometimes teleported next to monsters.]
[Your spells are easier to cast, but less powerful.]


Message History

The wretched star pulses with an eldritch light!
You feel weirdly uncertain.
You feel even more weirdly uncertain.
You feel a little pissed off.
You feel angry.
The wretched star pulses with an eldritch light!
You feel frail. x2
The wretched star pulses with an eldritch light!
Your connection to magic feels subdued.
Your connection to magic feels more subdued.
A wretched star comes into view.
You enter the shallow water.
Moving in this stuff is going to be slow.
The wretched star glows turbulently.
The lance of force hits you!!
You are knocked back by the lance of force.
You slam into the stone wall!
The wretched star pulses with an eldritch light!
You feel yourself wasting away.
You feel your body start to fall apart.
The wretched star glows turbulently.
The lance of force hits you!!
You die...

#.# #.#.# .#...
.##..#.#### ##... #
#.....*... ... # ....
...#.x###.# # #.
##..#..#.#...######.#
≈ #.#####≈≈##≈#....#
≈≈#.≈≈
≈≈≈≈≈≈#X*..#.#. #≈
≈≈≈ ≈≈≈##≈≈≈#.#≈≈≈...
≈≈.##≈≈≈≈≈≈≈≈@..≈≈...
.###.#§
#..≈≈#.#≈.≈≈≈≈# #
##.##....##.#♣≈ ...
#....# .# ..#..# .
.###### .. ..


You could see a tentacled monstrosity and a wretched star.

Vanquished Creatures
  Pikel (D:6)
  Joseph (D:7)
  Grinder (D:4)
  A raiju (Abyss:2)
  A hippogriff (D:7)
  Sigmund (D:4)
  An orc warrior (D:7)
  2 phantoms
  A black bear (D:7)
  3 ogres
  2 centaurs
  A big kobold (D:7)
  Blork the orc (D:4)
  2 bullfrogs
  A small abomination (Abyss:2)
  2 scorpions (D:7)
  3 killer bees (D:7)
  A crimson imp (D:7)
  A centaur zombie (D:7)
  2 orc priests (D:7)
  Crazy Yiuf (D:7)
  3 hounds
  7 orc wizards
  A bullfrog skeleton (D:4)
  3 iguanas
  Terence (D:2)
  A worker ant (D:4)
  A hound skeleton (D:5)
  4 gnolls (D:6)
  5 adders
  2 oozes
  An adder skeleton (D:6)
  3 worms
  4 leopard geckos
  18 orcs
  8 giant cockroaches
  5 goblins
  4 hobgoblins
  4 jackals (D:2)
  A quokka (D:2)
  6 bats
  4 frilled lizards
  A jackal skeleton (D:4)
  14 kobolds
  A leopard gecko skeleton (D:6)
  2 rats (D:1)
134 creatures vanquished.

Vanquished Creatures (others)
  5 dream sheep (D:4)
  A quokka (D:5)
6 creatures vanquished.

Grand Total: 140 creatures vanquished

Notes
Turn   | Place    | Note
-------+----------+-------------------------------------------
     0 | D:1      | EriolAelfwine the Troll Fighter began the quest for the
                  | Orb.
     0 | D:1      | Reached XP level 1. HP: 22/22 MP: 0/0
   115 | D:1      | Reached XP level 2. HP: 29/29 MP: 1/1
   569 | D:1      | Found a glowing golden altar of the Shining One.
   778 | D:1      | Became a worshipper of the Shining One
   846 | D:2      | Reached XP level 3. HP: 36/36 MP: 2/2
   847 | D:2      | Found a stormy altar of Qazlal.
  1090 | D:2      | Noticed Terence
  1104 | D:2      | Killed Terence
  1104 | D:2      | Reached skill level 3 in Unarmed Combat
  1104 | D:2      | Reached XP level 4. HP: 44/44 MP: 3/3
  1612 | D:3      | Reached skill level 1 in Invocations
  1810 | D:4      | Reached XP level 5. HP: 40/52 MP: 4/4
  1876 | D:4      | Noticed Blork the orc
  1876 | D:4      | Noticed a dream sheep
  1876 | D:4      | Noticed a dream sheep
  1876 | D:4      | Noticed a dream sheep
  1876 | D:4      | Noticed a dream sheep
  1876 | D:4      | Noticed a dream sheep
  1876 | D:4      | Found a shimmering altar of Xom.
  1880 | D:4      | Killed a dream sheep
  1882 | D:4      | Killed a dream sheep
  1883 | D:4      | Killed a dream sheep
  1883 | D:4      | Killed a dream sheep
  1884 | D:4      | Killed a dream sheep
  1895 | D:4      | Killed Blork the orc
  1941 | D:4      | Noticed Grinder
  1945 | D:4      | Paralysed by Grinder for 5 turns
  1951 | D:4      | Killed Grinder
  1951 | D:4      | Reached skill level 4 in Unarmed Combat
  2012 | D:4      | Found a hide-covered altar of Uskayaw.
  2018 | D:4      | Reached XP level 6. HP: 36/61 MP: 6/6
  2025 | D:4      | Reached * piety under the Shining One
  2216 | D:4      | Noticed Sigmund
  2226 | D:4      | Killed Sigmund
  2286 | D:4      | Reached XP level 7. HP: 67/67 MP: 7/7
  2306 | D:4      | Reached skill level 5 in Unarmed Combat
  2359 | D:4      | You fall into a shaft and drop 1 floor!
  2359 | D:5      | Entered Level 5 of the Dungeon
  2396 | D:5      | Found Kukaip's Antique Armour Boutique.
  2404 | D:5      | Bought a runed robe for 96 gold pieces
  2431 | D:5      | Found an opulent altar of Gozag.
  2451 | D:5      | Found a staircase to the Ecumenical Temple.
  2673 | D:4      | Got a brightly glowing robe
  2684 | D:4      | Identified the +2 robe of the Sun {Harm Slay+2} (You found
                  | it on level 4 of the Dungeon)
  2777 | D:5      | Found an opulent altar of Gozag.
  2825 | D:5      | Found a white marble altar of Elyvilon.
  3210 | Temple   | Entered the Ecumenical Temple
  3514 | D:6      | Found an ancient bone altar of Kikubaaqudgha.
  3695 | D:6      | Reached XP level 8. HP: 71/78 MP: 9/9
  3761 | D:6      | Noticed Pikel
  3766 | D:6      | Killed Pikel
  3766 | D:6      | Reached skill level 6 in Unarmed Combat
  4052 | D:7      | Found a sacrificial altar of Ru.
  4053 | D:7      | Noticed Joseph
  4070 | D:7      | Killed Joseph
  4070 | D:7      | Reached skill level 7 in Unarmed Combat
  4154 | D:7      | Reached XP level 9. HP: 21/85 MP: 10/10
  4294 | D:7      | Reached ** piety under the Shining One
  4419 | D:7      | Reached skill level 5 in Shields
  4458 | D:7      | Reached skill level 5 in Fighting
  4458 | D:7      | Reached skill level 5 in Dodging
  4685 | D:7      | Reached skill level 8 in Unarmed Combat
  5167 | D:7      | Found a runed translucent door.
  5168 | D:7      | Noticed Crazy Yiuf
  5173 | D:7      | Killed Crazy Yiuf
  5366 | D:8      | Noticed Psyche
  5376 | D:8      | Cast into level 2 of the Abyss (Psyche)
  5449 | Abyss:2  | Noticed an orange demon
  5471 | Abyss:2  | Noticed a starcursed mass
  5555 | Abyss:2  | Noticed a tentacled monstrosity
  5605 | Abyss:2  | Noticed a wretched star
  5624 | Abyss:2  | Noticed a wretched star
  5629 | Abyss:2  | Killed from afar by a wretched star

Illustrated notes

Levels and vault maps discovered:
D:1:      ncdulo_wetmaze, layout_basic, tso_altar
D:2:      layout_basic, grunt_qazlal_clouds, minmay_misc_feat_enclosed,
          uniq_terence
D:3:      layout_rooms
D:4:      layout_basic, old_standard_altar, first_ration,
          kb_xom_exploding_sheep, uniq_sigmund, uniq_blork_the_orc, uniq_grinder
D:5:      wander_river, layout_cave_pools, overflow_temple_1_default,
          elyvilon_altar_4, minmay_temple_entry_grid, serial_shops,
          nicolae_shop_temple_entry_statues_fountains, grunt_gozag_statues
D:6:      layout_gridville, basic_altar, uniq_pikel
D:7:      layout_loops_ring, kennysheep_mini, minmay_between,
          uniq_crazy_yiuf_cottage, uniq_joseph
D:8:      layout_loops_ring, uniq_psyche
Temple:   eino_temple_rhombus
Abyss:2:  base: D:10, bh_abyss_negative, evilmike_abyss_exit_13

Skill      XL: |  1  2  3  4  5  6  7  8  9 |
---------------+----------------------------+-----
Unarmed Combat | 3 4 5 7 8 |  8.5
Invocations    | 1 2 3 4 |  4.8
Shields        | 3 4 5 |  5.3
Fighting       | 3 4 5 |  5.3
Dodging        | 3 4 5 |  5.3

Action                   |  1- 3 |  4- 6 |  7- 9 || total
-------------------------+-------+-------+-------++-------
Melee: Unarmed           |    81 |    99 |   216 ||   396
  Use: Scroll            |       |    11 |     5 ||    16
       Potion            |       |       |     1 ||     1
 Stab: Sleeping          |     1 |       |       ||     1
  Eat: Chunk             |    16 |    11 |    28 ||    55
Armor: Robe              |    32 |    34 |    39 ||   105
Dodge: Dodged            |    27 |    31 |    59 ||   117
Block: Kite shield       |    35 |    42 |    97 ||   174
